 Dungeon Crawl Stone Soup version 5.6-9-g014c5a2 (webtiles) character file.

2632 shoop the Grasshopper (level 11, -3/81 HPs)
             Began as a Gnoll Wanderer on June 27, 2018.
             Was a High Priest of Dithmenos.
             Slain by an orc warrior
             ... wielding a +0 halberd
              (21 damage)
             ... on level 10 of the Dungeon.
             The game lasted 00:21:39 (10249 turns).

shoop the Grasshopper (Gnoll Wanderer)             Turns: 10249, Time: 00:21:39

Health: -3/81      AC: 18 (24%)Str: 17  XL:     11   Next: 13%
Magic:  11/11      EV: 12    Int: 16    God:    Dithmenos [5*[123]]
Gold:   597        SH: 10    Dex: 13    Spells: 13/19 levels left

rFire    . . .     SeeInvis +   v - +3 dagger (elec)
rCold    . . .     Faith    .   H - +0 shield
rNeg     . . .     Spirit   .   J - +1 ring mail {rPois}
rPois    +         Reflect  .   y - +0 helmet
rElec    .                      (no cloak)
rCorr    .                      s - +0 pair of gloves
MR       .....                  O - +1 pair of boots
Stlth    +++++.....             (no amulet)
Regen    0.8/turn               X - +6 ring of protection
MPRegen  0.2/turn               I - +5 ring of strength

@: exhausted, regenerating, slowed, wreathed by umbra, very slow
A: no striking features
a: End Regeneration, Shadow Step, Shadow Form, Renounce Religion


You were on level 10 of the Dungeon.
You worshipped Dithmenos.
Dithmenos was extremely pleased with you.
You were not hungry.

You visited 1 branch of the dungeon, and saw 10 of its levels.
You also visited: Ossuary.

You collected 597 gold pieces.

Inventory:

Hand Weapons
 e - a +0 dagger
 g - a +0 whip
 k - a +1 long sword of devastation
 t - a +0 quarterstaff
 v - a +3 dagger of electrocution (weapon)
 D - the +2 double sword of the Endless Expanse {flame, rF+ MR+ Int+3 Dex-2}
   (You found it on level 5 of the Dungeon)

   It has been specially enchanted to produce a fiery explosion on hit, causing
   extra injury to most foes and up to half again as much damage against
   particularly susceptible opponents.
   It affects your intelligence (+3).
   It affects your dexterity (-2).
   It protects you from fire.
   It affects your resistance to hostile enchantments.
Missiles
 f - 99 javelins
 j - 126 tomahawks (quivered)
 r - 215 poisoned darts
 G - 92 exploding tomahawks
 T - 7 curare darts
Armour
 b - a +0 chain mail
 d - a +0 robe
 h - a +0 ring mail
 o - a +0 hat
 s - a +0 pair of gloves (worn)
 y - a +0 helmet (worn)
 H - a +0 shield (worn)
 J - a +1 ring mail of poison resistance (worn)
 O - a +1 pair of boots (worn)
 S - a +2 leather armour of cold resistance
Jewellery
 c - a +3 ring of protection
 n - an uncursed ring of poison resistance
 x - an uncursed ring of protection from magic
 I - a +5 ring of strength (right hand)
 M - an uncursed amulet of destruction
 Q - an uncursed ring of resist corrosion
 X - a +6 ring of protection (left hand)
Wands
 N - a wand of lightning (3)
 R - a wand of flame (5)
 U - a wand of disintegration (8)
 V - a wand of acid (3)
Scrolls
 i - 2 scrolls of fear
 l - 3 scrolls of fog
 p - a scroll of amnesia
 w - 3 scrolls of teleportation
 z - 6 scrolls of blinking
 E - a scroll of enchant weapon
 L - 3 scrolls of enchant armour
 P - a scroll of magic mapping
Potions
 a - 6 potions of haste
 m - 2 potions of ambrosia
 q - a potion of lignification
 A - 8 potions of flight
 B - 2 potions of augmentation
 C - 2 potions of magic
 F - 2 potions of mutation
 K - a potion of resistance
 W - a potion of cancellation


   Skills:
 + Level 6.0 Fighting
 + Level 6.0 Blades
 + Level 6.0 Axes
 + Level 6.0 Maces & Staves
 + Level 6.0 Polearms
 + Level 6.0 Bows & Xbows
 + Level 6.0 Throwing
 + Level 6.0 Armour
 + Level 6.0 Dodging
 + Level 7.3 Stealth
 + Level 6.0 Shields
 + Level 6.0 Unarmed Combat
 + Level 6.0 Hexes
 + Level 6.0 Charms
 + Level 7.5 Summonings
 + Level 6.0 Necromancy
 + Level 13.2 Translocations
 + Level 6.0 Transmutations
 + Level 6.0 Fire Magic
 + Level 6.0 Ice Magic
 + Level 6.0 Air Magic
 + Level 9.0 Earth Magic
 + Level 6.0 Invocations
 + Level 7.5 Evocations


You had 13 spell levels left.
You knew the following spells:

 Your Spells              Type           Power        Failure   Level  Hunger
a - Blink                 Tloc           N/A          1%          2    N/A
b - Regeneration          Chrm/Necr      19 (200)     34%         3    N/A
c - Summon Butterflies    Summ           24 (100)     6%          1    N/A

Your spell library contained the following spells:

 Spells                   Type           Power        Failure   Level  Hunger
 Magic Dart               Air            19 (25)      12%         1    N/A
 Conjure Flame            Fire/Air       19 (100)     34%         3    N/A
 Bolt of Fire             Fire           19 (200)     100%        6    N/A
 Teleport Other           Tloc           42 (100)     1%          3    N/A
 Ozocubu's Refrigeration  Ice            19 (200)     100%        7    N/A
 Summon Ice Beast         Ice/Summ       21 (100)     65%         4    N/A
 Ozocubu's Armour         Chrm/Ice       19 (100)     75%         4    N/A
 Call Canine Familiar     Summ           24 (100)     19%         3    N/A
 Sandblast                Erth           25 (25)      3%          1    N/A
 Passage of Golubria      Tloc           N/A          6%          4    N/A
 Orb of Destruction       Erth           28 (200)     100%        7    N/A
 Summon Hydra             Summ           24 (200)     100%        7    N/A
 Iskenderun's Battlesphe  Chrm/Summ      21 (100)     94%         5    N/A
 Fulminant Prism          Air            19 (200)     97%         5    N/A
 Force Lance              Tloc/Erth      35 (100)     4%          3    N/A
 Infusion                 Chrm           19 (25)      12%         1    N/A
 Song of Slaying          Chrm           19 (100)     19%         2    N/A
 Spectral Weapon          Chrm/Summ      21 (100)     94%         5    N/A
 Spellforged Servitor     Summ           24 (200)     100%        7    N/A
 Summon Mana Viper        Hex/Summ       21 (100)     94%         5    N/A
 Lesser Beckoning         Tloc           42 (100)     1%          3    N/A

Dungeon Overview and Level Annotations

Branches:
Dungeon (10/15)

Altars:
Cheibriados
Dithmenos
Elyvilon
Gozag
Jiyva
Kikubaaqudgha
Lugonu
Makhleb
Nemelex Xobeh
Okawaru
Qazlal
Ru
Sif Muna
Trog
Uskayaw
Vehumet
Wu Jian
Xom
Yredelemnul
Zin
The Shining One

Annotations:
D:8 Pikel


Message History

You feel yourself slow down. You block the blink frog's attack.
You feel as though you will be slow longer.
You feel invigorated. The blink frog closely misses you.
The orc warrior hits you but does no damage.
The blink frog blinks!
The orc warrior hits you but does no damage.
You block the orc wizard's attack. The orc warrior closely misses you.
You hit the orc warrior (2).
The orc warrior is almost dead.
The orc wizard hits you but does no damage.
The blink frog blinks!
The orc warrior hits you with a +0 halberd (12)!
* * * LOW HITPOINT WARNING * * *
The orc wizard gestures wildly while chanting.
The orc wizard blinks!
You barely miss the orc warrior.
The orc warrior is almost dead.
You feel less invigorated.
The orc warrior hits you with a +0 halberd (21)!!
You die...

.#...............#
.....)......P....##
............#.P.#.#
.................#
............#....#
.#...........#..##
.............ยง...##
............o.....#
............F..o@##
.#..........#....#
............#....#
#.###.##.####### #
## ###


You could see a blink frog, an orc warrior and an orc wizard.

Vanquished Creatures
  Erica (D:8)
  A spiny frog (D:10)
  2 trolls
  A harpy skeleton (D:9)
  Grinder (D:4)
  3 blink frogs (D:10)
  Sigmund (D:4)
  6 yaks (D:8)
  A wyvern (D:10)
  2 water moccasins
  A spiny frog zombie (D:7)
  3 ice beasts
  4 orc warriors
  9 ogres
  An eye of draining (D:5)
  4 centaurs
  3 elf zombies (Ossuary)
  A blink frog skeleton (D:9)
  A gnoll sergeant (D:8)
  2 wyvern skeletons (D:10)
  4 scorpions
  4 crimson imps
  3 jellies
  3 orc priests
  A wasp zombie (D:9)
  3 orc wizards
  5 hounds
  A bullfrog skeleton (D:7)
  4 worker ants
  A big kobold zombie (Ossuary)
  A hound skeleton (D:7)
  2 mummies (Ossuary)
  Samantha (D:3)
  5 gnolls (D:8)
  10 adders
  3 shadow imps
  2 oozes (D:2)
  An adder zombie (Ossuary)
  2 dart slugs
  18 orcs
  10 quokkas
  2 giant cockroaches
  24 goblins
  8 hobgoblins
  3 jackals (D:3)
  5 kobolds
  A ball python (D:1)
  6 bats
  11 frilled lizards
  3 goblin zombies (Ossuary)
  6 hobgoblin zombies (Ossuary)
  2 jackal zombies (Ossuary)
  10 kobold zombies (Ossuary)
  10 orc zombies (Ossuary)
  3 rats
  A rat zombie (Ossuary)
227 creatures vanquished.

Notes
Turn   | Place    | Note
-------+----------+-------------------------------------------
     0 | D:1      | shoop the Gnoll Wanderer began the quest for the Orb.
     0 | D:1      | shoop set off with: a +0 robe, a +0 dagger
     0 | D:1      | Reached XP level 1. HP: 15/15 MP: 2/2
   300 | D:1      | Reached XP level 2. HP: 17/21 MP: 4/4
   773 | D:1      | Reached XP level 3. HP: 17/27 MP: 5/5
   776 | D:1      | Learned a level 2 spell: Blink
   956 | D:2      | Found a shadowy altar of Dithmenos.
  1051 | D:2      | Became a worshipper of Dithmenos the Shadowed
  1185 | D:2      | Reached XP level 4. HP: 9/34 MP: 7/7
  1788 | D:2      | Found a sparkling altar of Nemelex Xobeh.
  1788 | D:2      | Found a glowing silver altar of Zin.
  1788 | D:2      | Found a deep blue altar of Sif Muna.
  1788 | D:2      | Found a snail-covered altar of Cheibriados.
  1790 | D:2      | Found an ancient bone altar of Kikubaaqudgha.
  1792 | D:2      | Found a stormy altar of Qazlal.
  1827 | D:2      | Found a viscous altar of Jiyva.
  2041 | D:3      | Reached XP level 5. HP: 23/41 MP: 8/8
  2331 | D:3      | Found a faded altar of an unknown god.
  2378 | D:3      | Reached * piety under Dithmenos
  2488 | D:3      | Learned a level 3 spell: Regeneration
  2684 | D:3      | Reached XP level 6. HP: 42/47 MP: 10/10
  2700 | D:3      | Noticed Samantha
  2719 | D:3      | Killed Samantha
  2845 | D:4      | Noticed Grinder
  2889 | D:4      | Killed Grinder
  2889 | D:4      | Reached XP level 7. HP: 54/54 MP: 3/3
  2942 | D:4      | Reached ** piety under Dithmenos
  3027 | D:4      | Noticed Sigmund
  3050 | D:4      | Killed Sigmund
  3050 | D:4      | Reached XP level 8. HP: 51/61 MP: 7/7
  3062 | D:4      | Found a radiant altar of Vehumet.
  3233 | D:4      | Found a glowing golden altar of the Shining One.
  3433 | D:4      | Found a sand-covered staircase.
  3442 | Ossuary  | Entered an ossuary
  3608 | Ossuary  | Reached *** piety under Dithmenos
  3843 | D:5      | Entered Level 5 of the Dungeon
  3849 | D:5      | Got the +2 double sword of the Endless Expanse {flame, rF+ MR+ Int+3 Dex-2}
  3929 | D:5      | Found a basalt altar of Yredelemnul.
  3929 | D:5      | Noticed an enchanted dagger
  3931 | D:5      | Noticed a hand axe
  3933 | D:5      | Found a hide-covered altar of Uskayaw.
  3991 | D:5      | Found a bloodstained altar of Trog.
  4112 | D:5      | Found a white marble altar of Elyvilon.
  4394 | D:6      | Learned a level 1 spell: Summon Butterflies
  4504 | D:6      | Found a burning altar of Makhleb.
  4508 | D:6      | Reached XP level 9. HP: 68/68 MP: 10/10
  4627 | D:6      | Reached **** piety under Dithmenos
  4820 | D:6      | Found an ornate altar of the Wu Jian Council.
  4830 | D:6      | Found an iron altar of Okawaru.
  4926 | D:6      | Found a sacrificial altar of Ru.
  5268 | D:7      | Found a shimmering altar of Xom.
  5270 | D:7      | Found an opulent altar of Gozag.
  5326 | D:7      | Found a corrupted altar of Lugonu.
  5677 | D:7      | Found a shadowy altar of Dithmenos.
  6966 | D:8      | Noticed Pikel
  7056 | D:8      | Noticed Erica
  7081 | D:8      | Reached XP level 10. HP: 67/74 MP: 3/3
  7149 | D:8      | Killed Erica
  9833 | D:10     | Entered Level 10 of the Dungeon
  9833 | D:10     | Noticed a spiny frog
  9841 | D:10     | Killed a spiny frog
 10155 | D:10     | Reached ***** piety under Dithmenos
 10155 | D:10     | Reached XP level 11. HP: 73/81 MP: 9/9
 10249 | D:10     | Slain by an orc warrior

Action                   |  1- 3 |  4- 6 |  7- 9 | 10-12 || total
-------------------------+-------+-------+-------+-------++-------
Melee: Dagger            |   146 |    52 |   477 |   192 ||   867
       Punch             |     1 |     2 |     4 |       ||     7
       Whip              |    30 |       |       |       ||    30
       Long sword        |    32 |    53 |       |       ||    85
       Quarterstaff      |       |    58 |       |       ||    58
Throw: Tomahawk          |       |     2 |       |       ||     2
 Cast: Regeneration      |       |     1 |     1 |       ||     2
       Blink             |       |     1 |       |     1 ||     2
       Summon Butterflie |       |       |     2 |       ||     2
  Use: Potion            |     1 |       |       |     2 ||     3
 Stab: Sleeping          |     1 |     4 |    17 |     7 ||    29
       Distracted        |       |       |     1 |       ||     1
Armor: Chain mail        |    86 |       |       |       ||    86
       Ring mail         |    34 |    75 |    87 |    35 ||   231
Dodge: Dodged            |    80 |   112 |   186 |    52 ||   430
Block: Shield            |       |       |    68 |    59 ||   127
